AAA WEST
ROUND ROCK EXPRESS @ ALBUQUERQUE ISOTOPES
04/24/2042
 
TOP OF THE 1ST
Round Rock Express batting - Pitching for Albuquerque Isotopes : RHP Doug Hickman
Pitching: RHP Doug Hickman
Batting: RHB Alex Crowe 0-0: Foul Ball, location: 2F
0-1: Foul Ball, location: 2F
0-2: Foul Ball, location: 2F
0-2: Foul Ball, location: 2F
0-2: Ball
1-2: Ball
2-2: Ground out 6-3 (Groundball, 6M, EV 86.3 MPH)
Batting: LHB Kieran Wright 0-0: Called Strike
0-1: SINGLE (Line Drive, 4M, EV 106.3 MPH)
Batting: SHB Darrell Bailey 0-0: Ball
1-0: Grounds into double play, 4-6-3 (Groundball, 4, EV 85.6 MPH)
Top of the 1st over - 0 runs, 1 hit, 0 errors, 0 left on base; Round Rock 0 - Albuquerque 0
BOTTOM OF THE 1ST
Albuquerque Isotopes batting - Pitching for Round Rock Express : LHP Chris Meadows
Pitching: LHP Chris Meadows
Batting: SHB Cliff Miller 0-0: Foul Ball, location: 7LSF
0-1: Ball
1-1: Fly out, F8 (Flyball, 8RM, EV 93.8 MPH)
Batting: RHB Dave Johnson 0-0: Ball
1-0: Ball
2-0: Foul Ball, location: 2F
2-1: Foul Ball, location: 5SF
2-2: Ground out 6-3 (Groundball, 6, EV 90.6 MPH)
Batting: RHB Ken Keith 0-0: Ball
1-0: Ball
2-0: Ball
3-0: Called Strike
3-1: Called Strike
3-2: Foul Ball, location: 2F
3-2: Base on Balls
Batting: RHB Juan Ortíz 0-0: Ball
1-0: Ball
2-0: Ball
3-0: Called Strike
3-1: SINGLE (Line Drive, 4M, EV 98.8 MPH)
Ken Keith to second
Runner from 2nd tries for 3rd, SAFE, throw by CF made to third
Batting: LHB Alex Battle 0-0: Ball
1-0: Called Strike
1-1: Ball
2-1: Swinging Strike
2-2: SINGLE (Line Drive, 8RS, EV 95.6 MPH)
Ken Keith scores
Juan Ortíz to second
Batting: LHB Andy Bean 0-0: Ball
1-0: Foul Ball, location: 2F
1-1: Ball
2-1: Swinging Strike
2-2: Ball
3-2: Foul Ball, location: 7LMF
3-2: Strikes out swinging
Bottom of the 1st over - 1 run, 2 hits, 0 errors, 2 left on base; Round Rock 0 - Albuquerque 1
TOP OF THE 2ND
Round Rock Express batting - Pitching for Albuquerque Isotopes : RHP Doug Hickman
Batting: LHB Greg Ibáñez 0-0: Swinging Strike
0-1: Ball
1-1: Ball
2-1: Swinging Strike
2-2: SOLO HOME RUN (Flyball, 9D, EV 98.8 MPH), Distance : 383 ft
Batting: RHB Ken Hanson 0-0: Ball
1-0: Called Strike
1-1: Ground out 3-1 (Groundball, 34S, EV 88.1 MPH)
Batting: LHB Jim Unknown 0-0: Called Strike
0-1: Ball
1-1: Called Strike
1-2: Strikes out swinging
Batting: LHB Jim Unknown 0-0: Ball
1-0: Ball
2-0: Ground out U3 (Groundball, 3, EV 83.1 MPH)
Top of the 2nd over - 1 run, 1 hit, 0 errors, 0 left on base; Round Rock 1 - Albuquerque 1
BOTTOM OF THE 2ND
Albuquerque Isotopes batting - Pitching for Round Rock Express : LHP Chris Meadows
Batting: LHB José De Los Santos 0-0: Called Strike
0-1: Ball
1-1: Bunt for hit to 15S - play at first, batter safe!
Batting: RHB Lúcio Rodríguez 0-0: Bunt - Flyout to 23! F3
Batting: RHB Adrián Pacheco 0-0: Ball
1-0: Ball
2-0: Called Strike
2-1: SINGLE (Line Drive, 8LS, EV 87.5 MPH)
José De Los Santos to second
Runner from 2nd tries for 3rd, SAFE, throw by CF made to third
Batting: SHB Cliff Miller 0-0: Called Strike
0-1: Foul Ball, location: 2F
0-2: Ball
1-2: Ball
2-2: Foul Ball, location: 3F
2-2: Foul Ball, location: 5F
2-2: Strikes out swinging
Batting: RHB Dave Johnson 0-0: Ball
1-0: Ball
2-0: Swinging Strike
2-1: Ball
3-1: Foul Ball, location: 2F
3-2: Strikes out swinging
Bottom of the 2nd over - 0 runs, 2 hits, 0 errors, 2 left on base; Round Rock 1 - Albuquerque 1
TOP OF THE 3RD
Round Rock Express batting - Pitching for Albuquerque Isotopes : RHP Doug Hickman
Batting: RHB Jim Unknown 0-0: Called Strike
0-1: SINGLE (Line Drive, 7LS, EV 105.0 MPH)
Batting: RHB Jim Unknown 0-0: Bunted foul
0-1: Bunted foul
0-2: Ball
1-2: Ball
2-2: Fly out, F7 (Line Drive, 78M, EV 110.0 MPH)
Batting: RHB Alex Crowe 0-0: Ball
1-0: Foul Ball, location: 2F
1-1: Ball
2-1: Called Strike
2-2: Grounds into double play, 1-4-3 (Groundball, P, EV 63.8 MPH)
Top of the 3rd over - 0 runs, 1 hit, 0 errors, 0 left on base; Round Rock 1 - Albuquerque 1
BOTTOM OF THE 3RD
Albuquerque Isotopes batting - Pitching for Round Rock Express : LHP Chris Meadows
Batting: RHB Ken Keith 0-0: Ball
1-0: Called Strike
1-1: Foul Ball, location: 2F
1-2: Ball
2-2: Ball
3-2: Foul Ball, location: 7LMF
3-2: Foul Ball, location: 2F
3-2: Foul Ball, location: 3SF
3-2: Fly out, F7 (Flyball, 7, EV 91.9 MPH)
Batting: RHB Juan Ortíz 0-0: Ball
1-0: Called Strike
1-1: Ball
2-1: DOUBLE (Flyball, 89XD, EV 110.0 MPH)
Batting: LHB Alex Battle 0-0: Ball
1-0: Swinging Strike
1-1: Ground out 5-3 (Groundball, 56, EV 85.6 MPH)
Batting: LHB Andy Bean 0-0: Swinging Strike
0-1: Called Strike
0-2: Foul Ball, location: 25FF
0-2: Strikes out swinging
Bottom of the 3rd over - 0 runs, 1 hit, 0 errors, 1 left on base; Round Rock 1 - Albuquerque 1
TOP OF THE 4TH
Round Rock Express batting - Pitching for Albuquerque Isotopes : RHP Doug Hickman
Batting: LHB Kieran Wright 0-0: Foul Ball, location: 2F
0-1: SINGLE (Line Drive, 8LS, EV 96.3 MPH)
Batting: SHB Darrell Bailey 0-0: Ball
Kieran Wright is caught stealing 2nd base 2-6
1-0: Ball
2-0: Fly out, F8 (Flyball, 8RD, EV 97.5 MPH)
Batting: LHB Greg Ibáñez 0-0: Ball
1-0: Ball
2-0: Called Strike
2-1: Foul Ball, location: 2F
2-2: Fly out, F5 (Popup, 56, EV 73.1 MPH)
Top of the 4th over - 0 runs, 1 hit, 0 errors, 0 left on base; Round Rock 1 - Albuquerque 1
BOTTOM OF THE 4TH
Albuquerque Isotopes batting - Pitching for Round Rock Express : LHP Chris Meadows
Batting: LHB José De Los Santos 0-0: Bunt for hit to 25 - play at first, batter safe!
Batting: RHB Lúcio Rodríguez 0-0: Called Strike
0-1: Ball
1-1: Called Strike
1-2: Ball
2-2: Ball
3-2: Foul Ball, location: 2F
3-2: Strikes out swinging
José De Los Santos is caught stealing 2nd base 2-4
Batter strikes out.
Batting: RHB Adrián Pacheco 0-0: Called Strike
0-1: Ball
1-1: Ball
2-1: Ball
3-1: Base on Balls
Batting: SHB Cliff Miller 0-0: Ball
1-0: Ball
2-0: Swinging Strike
2-1: Called Strike
2-2: SINGLE (Flyball, 6D, EV 91.9 MPH)
Adrián Pacheco to second
Batting: RHB Dave Johnson 0-0: Foul Ball, location: 5SF
0-1: Swinging Strike
0-2: Strikes out swinging
Bottom of the 4th over - 0 runs, 2 hits, 0 errors, 2 left on base; Round Rock 1 - Albuquerque 1
TOP OF THE 5TH
Round Rock Express batting - Pitching for Albuquerque Isotopes : RHP Doug Hickman
Batting: RHB Ken Hanson 0-0: Ball
1-0: Ball
2-0: Ball
3-0: Base on Balls
Batting: LHB Jim Unknown 0-0: Called Strike
Ken Hanson is caught stealing 2nd base 2-6
0-1: Foul Ball, location: 9LSF
0-2: Fly out, F7 (Flyball, 78S, EV 95.0 MPH)
Batting: LHB Jim Unknown 0-0: Foul Ball, location: 7LMF
0-1: Foul Ball, location: 5SF
0-2: Foul Ball, location: 2F
0-2: Ball
1-2: Foul Ball, location: 5SF
1-2: Strikes out swinging
Top of the 5th over - 0 runs, 0 hits, 0 errors, 0 left on base; Round Rock 1 - Albuquerque 1
BOTTOM OF THE 5TH
Albuquerque Isotopes batting - Pitching for Round Rock Express : LHP Chris Meadows
Batting: RHB Ken Keith 0-0: Ball
1-0: Ball
2-0: Foul Ball, location: 5FF
2-1: SINGLE (Groundball, 2L, EV 71.9 MPH) (infield hit)
Batting: RHB Juan Ortíz 0-0: Called Strike
0-1: Swinging Strike
0-2: Grounds into double play, 5-4-3 (Groundball, 5S, EV 82.5 MPH)
Batting: LHB Alex Battle 0-0: Fly out, F1 (Line Drive, P, EV 66.3 MPH)
Bottom of the 5th over - 0 runs, 1 hit, 0 errors, 0 left on base; Round Rock 1 - Albuquerque 1
TOP OF THE 6TH
Round Rock Express batting - Pitching for Albuquerque Isotopes : RHP Doug Hickman
Batting: RHB Jim Unknown 0-0: Ball
1-0: Called Strike
1-1: Foul Ball, location: 2F
1-2: Fly out, F9 (Flyball, 9LM, EV 84.4 MPH)
Batting: RHB Jim Unknown 0-0: Foul Ball, location: 2F
0-1: Ball
1-1: Ball
2-1: Foul Ball, location: 9LMF
2-2: Ball
3-2: Base on Balls
Batting: RHB Alex Crowe 0-0: Called Strike
0-1: Grounds into double play, 4-6-3 (Groundball, 4, EV 103.8 MPH)
Top of the 6th over - 0 runs, 0 hits, 0 errors, 0 left on base; Round Rock 1 - Albuquerque 1
BOTTOM OF THE 6TH
Albuquerque Isotopes batting - Pitching for Round Rock Express : LHP Chris Meadows
Batting: LHB Andy Bean 0-0: Ball
1-0: Fly out, F7 (Line Drive, 78M, EV 99.4 MPH)
Batting: LHB José De Los Santos 0-0: Foul Ball, location: 2F
0-1: Ball
1-1: Ball
2-1: Ball
3-1: Base on Balls
Pitching: RHP Joe Blevins
Pinch Hitting: LHB Ernesto Ledezma 0-0: Ball
1-0: DOUBLE (Line Drive, 9LM, EV 100.6 MPH)
José De Los Santos to third
Runner from 3rd tries for Home, SAFE, throw by RF to trailing runner, SAFE at third!
Batting: RHB Adrián Pacheco 0-0: Ball
1-0: Ball
2-0: Fly out, F8 (Flyball, 8LD, EV 102.5 MPH)
Runner from 3rd tags up, SCORES, throw by CF
Batting: SHB Cliff Miller 0-0: Ball
1-0: Called Strike
1-1: Fly out, F8 (Flyball, 8RD, EV 87.5 MPH)
Bottom of the 6th over - 2 runs, 1 hit, 0 errors, 0 left on base; Round Rock 1 - Albuquerque 3
TOP OF THE 7TH
Round Rock Express batting - Pitching for Albuquerque Isotopes : RHP Doug Hickman
Now at 2B: Arturo Delgado
Batting: LHB Kieran Wright 0-0: Ball
1-0: Fly out, F8 (Line Drive, 8LM, EV 86.9 MPH)
Batting: SHB Darrell Bailey 0-0: Ball
1-0: Called Strike
1-1: SINGLE (Groundball, 6MD, EV 107.5 MPH)
Batting: LHB Greg Ibáñez 0-0: Ball
1-0: Foul Ball, location: 2F
1-1: Ball
2-1: Ball
3-1: Base on Balls
Darrell Bailey to second
Batting: RHB Ken Hanson 0-0: Ball
1-0: DOUBLE (Line Drive, 9LS, EV 95.0 MPH)
Darrell Bailey scores
Greg Ibáñez to third
Runner from 3rd tries for Home, SAFE, throw by RF to home
Batting: LHB Jim Unknown 0-0: DOUBLE (Line Drive, 9LD, EV 104.4 MPH)
Ken Hanson scores
Batting: LHB Jim Unknown 0-0: Called Strike
0-1: Foul Ball, location: 2F
0-2: Ground out 4-3 (Groundball, 4, EV 105.0 MPH)
Jim Unknown to third
Pitching: RHP Eric Brown
Batting: RHB Jim Unknown 0-0: Swinging Strike
0-1: SINGLE (Groundball, 4MD, EV 110.6 MPH)
Jim Unknown scores
Batting: RHB Jim Unknown 0-0: Ball
1-0: Called Strike
1-1: SINGLE (Groundball, 56D, EV 107.5 MPH)
Jim Unknown to second
Batting: RHB Alex Crowe 0-0: Ball
1-0: Swinging Strike
1-1: Fly out, F2 (Popup, 23F, EV 90.6 MPH)
Top of the 7th over - 4 runs, 5 hits, 0 errors, 2 left on base; Round Rock 5 - Albuquerque 3
BOTTOM OF THE 7TH
Albuquerque Isotopes batting - Pitching for Round Rock Express : RHP Joe Blevins
Batting: RHB Dave Johnson 0-0: Ground out 5-3 (Groundball, 15, EV 80.6 MPH)
Batting: RHB Ken Keith 0-0: Foul Ball, location: 23F
0-1: Called Strike
0-2: Ball
1-2: Ball
2-2: Fly out, F9 (Flyball, 9LM, EV 103.1 MPH)
Batting: RHB Juan Ortíz 0-0: Ball
1-0: Called Strike
1-1: Foul Ball, location: 5FF
1-2: Ball
2-2: SOLO HOME RUN (Flyball, 78XD, EV 104.4 MPH), Distance : 407 ft
Batting: LHB Alex Battle 0-0: Ball
1-0: Ball
2-0: Called Strike
2-1: Swinging Strike
2-2: Strikes out swinging
Bottom of the 7th over - 1 run, 1 hit, 0 errors, 0 left on base; Round Rock 5 - Albuquerque 4
TOP OF THE 8TH
Round Rock Express batting - Pitching for Albuquerque Isotopes : RHP Eric Brown
Batting: LHB Kieran Wright 0-0: Called Strike
0-1: Foul Ball, location: 7LSF
0-2: Ball
1-2: Ball
2-2: SINGLE (Line Drive, 8RS, EV 103.8 MPH)
Batting: SHB Darrell Bailey 0-0: Ball
1-0: Foul Ball, location: 3FF
1-1: Foul Ball, location: 23FF
1-2: Ball
2-2: Strikes out looking
Batting: LHB Greg Ibáñez 0-0: Called Strike
0-1: Called Strike
Kieran Wright steals 2nd base
0-2: Ball
1-2: Fly out, F8 (Flyball, 89M, EV 104.4 MPH)
Batting: RHB Ken Hanson 0-0: Fly out, F2 (Popup, 23F, EV 86.3 MPH)
Top of the 8th over - 0 runs, 1 hit, 0 errors, 1 left on base; Round Rock 5 - Albuquerque 4
BOTTOM OF THE 8TH
Albuquerque Isotopes batting - Pitching for Round Rock Express : RHP Joe Blevins
Batting: LHB Andy Bean 0-0: Ground out 4-3 (Groundball, 34, EV 88.1 MPH)
Batting: LHB José De Los Santos 0-0: Called Strike
0-1: Foul Ball, location: 7LDF
0-2: Foul Ball, location: 2F
0-2: Ball
1-2: Fly out, F6 (Popup, 4MS, EV 75.0 MPH)
Pinch Hitting: LHB Luis Rodríguez 0-0: Foul Ball, location: 2F
0-1: Called Strike
0-2: Ball
1-2: Foul Ball, location: 2F
1-2: Ground out 4-3 (Groundball, 4, EV 90.0 MPH)
Bottom of the 8th over - 0 runs, 0 hits, 0 errors, 0 left on base; Round Rock 5 - Albuquerque 4
TOP OF THE 9TH
Round Rock Express batting - Pitching for Albuquerque Isotopes : RHP Eric Brown
Now at 2B: Luis Rodríguez
Batting: LHB Jim Unknown 0-0: Ball
1-0: Ball
2-0: Ball
3-0: Called Strike
3-1: Swinging Strike
3-2: Foul Ball, location: 2F
3-2: Base on Balls
Batting: LHB Jim Unknown 0-0: Sac Bunt to 13 - play at first, batter OUT! 1-3
Jim Unknown to second
Batting: RHB Jim Unknown 0-0: Intentional Walk
Batting: RHB Jim Unknown 0-0: Ball
1-0: Ball
2-0: Grounds into double play, 6-4-3 (Groundball, 56, EV 97.5 MPH)
Top of the 9th over - 0 runs, 0 hits, 0 errors, 1 left on base; Round Rock 5 - Albuquerque 4
BOTTOM OF THE 9TH
Albuquerque Isotopes batting - Pitching for Round Rock Express : RHP Joe Blevins
Pitching: RHP Tim Stevens
Pinch Hitting: RHB Jim Kennedy 0-0: SINGLE (Line Drive, 56D, EV 108.8 MPH)
Batting: SHB Cliff Miller 0-0: Called Strike
0-1: Fly out, F7 (Flyball, 78D, EV 96.9 MPH)
Batting: RHB Dave Johnson 0-0: Ball
1-0: Fly out, F8 (Flyball, 8RS, EV 84.4 MPH)
Batting: RHB Ken Keith 0-0: Ball
1-0: Ball
2-0: Ball
3-0: Called Strike
3-1: Base on Balls
Jim Kennedy to second
Batting: RHB Juan Ortíz 0-0: Ball
1-0: Ball
2-0: Foul Ball, location: 2F
2-1: Foul Ball, location: 3FF
2-2: Foul Ball, location: 2F
2-2: Ground out 4-3 (Groundball, 34, EV 88.1 MPH)
Bottom of the 9th over - 0 runs, 1 hit, 0 errors, 2 left on base; Round Rock 5 - Albuquerque 4
Friday, May 3rd , 2024 - OOTP Baseball 24.10 Build 82